 Dungeon Crawl Stone Soup version 0.24-a0-91-g4e4936a (console) character file.

Game seed: 1210419433395969411

316 Voker57 the Slasher (level 6, -3/48 HPs)
             Began as a Demonspawn Gladiator on Feb 8, 2019.
             Slain by a worker ant (5 damage)
             ... on level 4 of the Dungeon.
             The game lasted 00:08:12 (3601 turns).

Voker57 the Slasher (Demonspawn Gladiator)          Turns: 3601, Time: 00:08:13

Health: -3/48      AC:  3    Str: 14    XL:     6   Next: 20%
Magic:  6/6        EV: 14    Int: 15    God:
Gold:   128        SH:  4    Dex: 16    Spells: 5/5 levels left

rFire    . . .     SeeInvis .   a - +0 long sword
rCold    . . .     Gourm    .   (no shield)
rNeg     . . .     Faith    .   b - +0 leather armour
rPois    .         Spirit   .   (helmet restricted)
rElec    .         Reflect  .   (no cloak)
rCorr    .         Harm     .   (no gloves)
MR       +....                  (no boots)
Stlth    +.........             (no amulet)
HPRegen  0.16/turn              d - ring of protection from magic
MPRegen  0.10/turn              (no ring)

@: brilliant, lethally poisoned (-3 -> -18)
A: antennae 2, large bone plates 1, powered by pain 1
a: no special abilities


You were on level 4 of the Dungeon.
You were not hungry.

You visited 1 branch of the dungeon, and saw 4 of its levels.

You collected 128 gold pieces.

Inventory:

Hand Weapons
 a - a +0 long sword (weapon)
 k - a +2 whip of electrocution
 l - a +1 short sword of venom
Armour
 b - a +0 leather armour (worn)
 c - a +0 helmet
Jewellery
 d - a ring of protection from magic (left hand)
Wands
 o - a wand of flame (18)
Scrolls
 e - a scroll of remove curse {unknown}
 j - 2 scrolls of teleportation
Potions
 g - a potion of might
 h - a potion of flight
 i - a potion of resistance
 p - a potion of degeneration {unknown}
Comestibles
 f - 7 rations


   Skills:
 + Level 3.6 Fighting
 * Level 4.9 Long Blades
 - Level 1.7 Throwing
 + Level 3.9 Dodging


You had 5 spell levels left.
You didn't know any spells.
Your spell library contained the following spells:

 Spells                   Type           Power        Failure   Level  Hunger
 Magic Dart               Conj           #...         4%          1    ##.....
 Blink                    Tloc           N/A          6%          2    ###....
 Call Imp                 Summ           #.......     6%          2    ###....
 Slow                     Hex            #.......     6%          2    ###....
 Conjure Flame            Conj/Fire      #.......     12%         3    ####...
 Mephitic Cloud           Conj/Pois/Air  #.......     12%         3    ####...


Dungeon Overview and Level Annotations

Branches:
Dungeon (4/15)
 Temple: D:4-7

Altars:
Ru
Sif Muna
Zin


Innate Abilities, Weirdness & Mutations

You have a pair of antennae on your head.
You are partially covered in large bone plates. (SH +4)
You sometimes gain a little power by taking damage.


Message History

You feel sick. The worker ant misses you. The worker ant bites you.
* * * LOW HITPOINT WARNING * * *
You completely miss the worker ant.
The worker ant is almost dead.
The worker ant barely misses you. You block the worker ant's attack.
The worker ant bites you.
* * * LOW HITPOINT WARNING * * *
You are more poisoned.
The worker ant poisons you! The worker ant bites you.
* * * LOW HITPOINT WARNING * * *
You are more poisoned.
The worker ant poisons you!
* * * LOW HITPOINT WARNING * * *
You feel sick. The worker ant bites you.
* * * LOW HITPOINT WARNING * * *
It was a potion of brilliance.
You feel clever all of a sudden.
* * * LOW HITPOINT WARNING * * *
You feel sick. The worker ant bites you.
You die...

#.## #.# #.# #.#
########################.##
...........................
...........!.....^.........
##########.##########......
#..aa# #....# #......
#...@# #....# #......
##....###....###......
#............'.'......
#.......#....###......
#.......#....# #######
#.......###### #.......# ##
#.......# #. #.......# #.
#..$..... #.


You could see 2 worker ants.

Vanquished Creatures
  A crimson imp (D:2)
  An orc priest (D:2)
  3 orc wizards
  An adder (D:3)
  4 gnolls (D:4)
  An ooze (D:1)
  4 worms
  4 dart slugs
  A leopard gecko (D:4)
  11 orcs
  4 bats
  5 giant cockroaches
  9 goblins
  8 hobgoblins
  5 jackals
  6 kobolds
  A quokka (D:4)
  A ball python (D:2)
  5 frilled lizards
  A leopard gecko skeleton (D:4)
  13 rats
89 creatures vanquished.

Notes
Turn   | Place    | Note
-------+----------+-------------------------------------------
     0 | D:1      | Voker57 the Demonspawn Gladiator began the quest for the
                  | Orb.
     0 | D:1      | Reached XP level 1. HP: 16/16 MP: 1/1
   131 | D:1      | Reached skill level 3 in Long Blades
   138 | D:1      | Gained mutation: You are partially covered in large bone
                  | plates. (SH +4) [demonic ancestry]
   138 | D:1      | Reached XP level 2. HP: 15/22 MP: 2/2
   288 | D:1      | Noticed a big kobold
   288 | D:1      | Noticed a big kobold
   288 | D:1      | Noticed a big kobold
   289 | D:1      | Noticed a big kobold
   460 | D:1      | Reached XP level 3. HP: 24/28 MP: 3/3
   807 | D:2      | Gained mutation: You sometimes gain a little power by
                  | taking damage. [demonic ancestry]
   807 | D:2      | Reached XP level 4. HP: 34/34 MP: 4/4
   832 | D:2      | Found a deep blue altar of Sif Muna.
   923 | D:2      | Reached skill level 4 in Long Blades
  1418 | D:2      | Found a glowing silver altar of Zin.
  1456 | D:2      | Gained mutation: You have a pair of small antennae on your
                  | head. [demonic ancestry]
  1456 | D:2      | Reached XP level 5. HP: 34/41 MP: 5/5
  2733 | D:3      | Found a sacrificial altar of Ru.
  3101 | D:4      | Gained mutation: You have a pair of antennae on your head.
                  | [demonic ancestry]
  3101 | D:4      | Reached XP level 6. HP: 38/47 MP: 6/6
  3600 | D:4      | HP: 2/48 [worker ant (3)]
  3601 | D:4      | Slain by a worker ant

Levels and vault maps discovered:
D:1:      erik_arrival_cave_to_civilisation [erik_arrival_cave_to_temple],
          layout_basic
D:2:      layout_loops_ring, lemuel_doored_altar, zin_academy,
          minmay_octomino_e4
D:3:      layout_loops_corners, marbit_many_paths, first_ration, serial_glass,
          glass_columns_b, glass_columns_c
D:4:      layout_basic, minmay_temple_entry_glassed_door

Skill      XL: |  1  2  3  4 |
---------------+-------------+-----
Long Blades    | 3 4 |  4.9
Dodging        | 3 |  3.9
Fighting       | 3 |  3.6
Throwing       | |  1.7

Action                   |  1- 3 |  4- 6 || total
-------------------------+-------+-------++-------
Melee: Long sword        |    86 |   212 ||   298
Throw: Throwing net      |     3 |     2 ||     5
  Use: Scroll            |       |     7 ||     7
       Potion            |       |     2 ||     2
 Stab: Held in net/web   |     1 |     4 ||     5
       Sleeping          |     1 |     1 ||     2
       Invisible         |       |     1 ||     1
  Eat: Chunk             |       |     9 ||     9
Armor: Leather armour    |    17 |    36 ||    53
Dodge: Dodged            |    63 |   147 ||   210
Block: Other             |    13 |    46 ||    59
       Rpst.: Long sword |    25 |    39 ||    64

Table legend:
 A = Non-vault XP
 B = Vault XP
 C = Vault XP percentage of total XP
 D = Non-vault monster count
 E = Vault monster count
 F = Vault count percentage of total count
                 A         B        C        D         E       F
            +---------+---------+-------+---------+---------+-------
      Total |     427 |      25 |   5.5 |      83 |       6 |   6.7
            +---------+---------+-------+---------+---------+-------
        D:1 |      51 |       3 |   5.6 |      25 |       2 |   7.4
        D:2 |     158 |       8 |   4.8 |      21 |       3 |  12.5
        D:3 |     138 |      14 |   9.2 |      25 |       1 |   3.8
        D:4 |      80 |       0 |   0.0 |      12 |       0 |   0.0
            +---------+---------+-------+---------+---------+-------
